 Dungeon Sprint DCSS version 0.30-a0-672-gc3a7216ad8 (webtiles) character file.

Game seed: 9607284939773572680

194727 BigDaddyOpFi the End of an Era (level 17, -4/191 HPs)
             Began as a Demonspawn Fighter on Jan 18, 2023.
             Was the Champion of Qazlal.
             Killed from afar by a hellephant (60 damage)
             ... with a blast of flame
             ... in the Dungeon (Sprint VII: "The Pits").
             The game lasted 00:19:42 (9243 turns).

BigDaddyOpFi the End of an Era (Demonspawn Fighter) Turns: 9243, Time: 00:19:42

Health: -4/191     AC: 52    Str: 33    XL:     17   Next: 68%
Magic:  18/25      EV: 15    Int: 20    God:    Qazlal [******]
Gold:   174        SH: 37    Dex: 12    Spells: 16/16 levels left

rFire   + . .      SeeInvis +    o - +9 broad axe (heavy)
rCold   + . .      Faith    .    z - +0 tower shield "Wideunn" {Drain rF+ Int+6}
rNeg    . . .      Spirit   .    m - +12 plate armour
rPois   +          Reflect  +    C - +1 helmet
rElec   .          Harm     .    (cloak unavailable)
rCorr   .          Rampage  .    A - +2 pair of gloves {Stlth+}
Will    +....      NoTele   +    U - +0 pair of boots {Fly} Stlth
                                 K - amulet of Vekaen {Reflect rPois rF- Str+4 Int+2 SH+5}
HPRegen 0.51/turn                M - ring "Ifoval" {MP-9 Str+6 Slay+5 SInv Stlth+}
MPRegen 0.19/turn                H - ring of Uxaxu {rC+ EV+6}

@: protected from fire, sanguine armoured, flying, studying Staves, repel
missiles
A: spiny 1, sanguine armour 2, demonic magic 3, weakness stinger 3, talons 1,
robust 1, wild magic 1
}: 1/3 runes: silver
a: Renounce Religion, Upheaval, Elemental Force, Disaster Area


You were in the Dungeon.
You worshipped Qazlal.
Qazlal was exalted by your worship.
You visited 1 branch You collected 174 gold pieces.

Inventory:

Hand Weapons
 o - a +9 heavy broad axe (weapon)
Armour
 m - a +12 plate armour (worn)
 z - the +0 tower shield "Wideunn" (worn) {Drain rF+ Int+6}
   (You found it in the Dungeon)

   Int:       It affects your intelligence (+6).
   rF:        It protects you from fire.
   Drain:     It drains your maximum health when unequipped.
 A - a +2 pair of gloves of stealth (worn)
 C - a +1 helmet (worn)
 U - a +0 pair of boots of flying (worn)
Jewellery
 b - a +3 ring of evasion
 d - a +3 ring of dexterity
 g - a ring of see invisible
 q - a ring of poison resistance
 E - the ring "Plog" {AC+6 Str-3 Slay+5}
   (You found it in the Dungeon)

   [ring of protection]

   AC:        It affects your AC (+6).
   Str:       It affects your strength (-3).
   Slay:      It affects your accuracy & damage with ranged weapons and melee
   (+5).
 F - the ring of Nasaog {rPois AC+6 Str+3}
   (You found it in the Dungeon)

   [ring of protection]

   AC:        It affects your AC (+6).
   Str:       It affects your strength (+3).
   rPois:     It protects you from poison.
 G - a +5 ring of slaying
 H - the ring of Uxaxu (right hand) {rC+ EV+6}
   (You found it in the Dungeon)

   [ring of evasion]

   EV:        It affects your evasion (+6).
   rC:        It protects you from cold.
 I - the amulet "Iraxeb" {Faith rN+++ Regen+ Int-2 Dex-5}
   (You found it in the Dungeon)

   [amulet of faith]

   It allows you to gain divine favour quickly.
   Int:       It affects your intelligence (-2).
   Dex:       It affects your dexterity (-5).
   rN:        It renders you almost immune to negative energy.
   Regen:     It increases your rate of health regeneration.
 J - the amulet "Appenkum" {Spirit rCorr SInv Stlth+}
   (You found it in the Dungeon)

   [amulet of guardian spirit]

   It causes incoming damage to be divided between your reserves of health and
   magic.
   SInv:      It lets you see invisible.
   rCorr:     It protects you from acid and corrosion.
   Stlth:     It makes you more stealthy.
 K - the amulet of Vekaen (around neck) {Reflect rPois rF- Str+4 Int+2 SH+5}
   (You found it in the Dungeon)

   [amulet of reflection]

   It reflects blocked missile attacks.
   Str:       It affects your strength (+4).
   Int:       It affects your intelligence (+2).
   rF:        It makes you vulnerable to fire.
   rPois:     It protects you from poison.
   SH:        It affects your SH (+5).
 L - the ring of Ascent {rElec rC+}
   (You found it in the Dungeon)

   [ring of protection from cold]

   rC:        It protects you from cold.
   rElec:     It insulates you from electricity.
 M - the ring "Ifoval" (left hand) {MP-9 Str+6 Slay+5 SInv Stlth+}
   (You found it in the Dungeon)

   [ring of slaying]

   Str:       It affects your strength (+6).
   Slay:      It affects your accuracy & damage with ranged weapons and melee
   (+5).
   MP:        It affects your magic capacity (-9).
   SInv:      It lets you see invisible.
   Stlth:     It makes you more stealthy.
 Q - a +6 ring of dexterity
 R - a +6 ring of evasion
 S - a ring of wizardry
 T - a +6 ring of strength
 Y - a ring of flight
Wands
 a - a wand of flame (42)
 N - a wand of roots (6)
Scrolls
 s - 5 scrolls of blinking
 u - a scroll of fog
 y - 3 scrolls of identify
 Z - 3 scrolls of fear
Potions
 e - 14 potions of curing
 f - a potion of ambrosia
 h - 7 potions of magic
 i - 10 potions of berserk rage
 k - 3 potions of invisibility
 l - 16 potions of heal wounds
 n - a potion of degeneration {unknown}
 p - a potion of cancellation
 t - 3 potions of might
 v - 7 potions of brilliance
 x - 7 potions of mutation
 O - 7 potions of haste
 X - 2 potions of resistance
Miscellaneous
 c - a lightning rod (4/4)
 j - a phial of floods
 D - a box of beasts
 P - a tin of tremorstones (2/2)
 W - a tin of tremorstones (2/2)


   Skills:
 O Level 27 Fighting
 + Level 25.7 Axes
 + Level 25.8 Armour
 + Level 25.9 Shields
 O Level 27 Invocations


You had 16 spell levels left.
You didn't know any spells.
Your spell library contained the following spells:

 Spells                   Type           Power      Damage    Failure   Level
 Slow                     Hex            0%         N/A       58%         1
 Cigotuvi's Dreadful Rot  Necr/Pois/Air  0%         N/A       73%         2
 Poisonous Vapours        Pois/Air       0%         N/A       73%         2
 Call Canine Familiar     Summ           0%         N/A       90%         3
 Confusing Touch          Hex            0%         N/A       90%         3
 Inner Flame              Hex/Fire       0%         N/A       90%         3
 Mephitic Cloud           Conj/Pois/Air  0%         N/A       90%         3
 Portal Projectile        Hex/Tloc       0%         N/A       90%         3
 Vampiric Draining        Necr           0%         2d6       90%         3
 Animate Dead             Necr           0%         N/A       100%        4
 Cause Fear               Hex            0%         N/A       100%        4
 Flame Wave               Conj/Fire      0%         2d4       100%        4
 Leda's Liquefaction      Hex/Erth       0%         N/A       100%        4
 Sticky Flame             Conj/Fire      0%         2d3       100%        4
 Dragon Form              Tmut           0%         N/A       100%        7
 Haunt                    Necr/Summ      0%         N/A       100%        7
 Infestation              Necr           0%         N/A       100%        8
 Chain Lightning          Conj/Air       0%         N/A       100%        9
 Dragon's Call            Summ           0%         N/A       100%        9
 Fire Storm               Conj/Fire      0%         5d1       100%        9
 Shatter                  Erth           0%         3d5*      100%        9


Dungeon Overview and Level Annotations

Branches:
Dungeon (1/1)

Altars:
Ashenzari
Cheibriados
Dithmenos
Fedhas
Gozag
Hepliaklqana
Kikubaaqudgha
Makhleb
Nemelex Xobeh
Okawaru
Qazlal
Ru
Sif Muna
Trog
Uskayaw
Vehumet
Wu Jian
Xom
Yredelemnul
Jiyva
Lugonu


Innate Abilities, Weirdness & Mutations

You are partially covered in sharp spines.
When seriously injured, your blood forms thick armour. (AC +9)
Spells you cast and wands you use may paralyse nearby enemies.
You have a sharp stinger which inflicts weakening toxins.
You have sharp toenails.
You are robust. (+10% HP)
Your spells are a little harder to cast, but a little more powerful.


Message History

You open Mennas like a pillowcase!!!
As Mennas dies, the sound returns.
You kill Mennas!
Qazlal accepts your kill.
You hit the profane servitor.
You destroy the profane servitor!
Qazlal accepts your kill.
Your life force feels restored.
You see here a +2 demon whip of draining.
You feel less confused.
Things that are here:
a +3 battleaxe of draining; a +0 chain mail You start resting.
You hear a trumpeting!
A hellephant comes into view.
A hellephant is nearby!
A hellephant is nearby!
A hellephant is nearby!
You block the hellephant's attack. x2; The hellephant completely misses you.
You see here a +2 demon whip of draining.
The hellephant breathes flames at you. The blast of flame hits you!!!
* * * LOW HITPOINT WARNING * * *
You slice the hellephant like a ripe choko!!!
You tail-slap the hellephant, but do no damage.
The hellephant is moderately wounded.
You block the hellephant's attack. x3
You cut the hellephant into ribbons!!!!
The hellephant is severely wounded.
You block the hellephant's attack. x2
The hellephant gores you but does no damage.
You hit the hellephant but do no damage.
The hellephant is severely wounded.
You block the hellephant's attack. x2
The hellephant gores you but does no damage.
You closely miss the hellephant.
The hellephant is severely wounded.
The hellephant breathes flames at you. The blast of flame hits you!!!
You feel protected from fire.
You die...

..†.......
...†..... .........
...... ..... #''#
## #######'Y#### ..
###......○@)°.###
..
##........§.[○...##
.#
#≈≈......○.§)○....#
##
#.................#
..
#......[..........#
..
#...............##
..
###)..).......###
.. ##÷'######### ..
#####''##########
##########


You could see a hellephant (catching breath).

Vanquished Creatures
  Tiamat (D)
  Mennas (D)
  An ancient lich (D)
  2 royal mummies (D)
  Frederick (D)
  Xtahua (D)
  A golden dragon (D)
  A profane servitor (D)
  Jory (D)
  2 bone dragons (D)
  2 tentacled monstrosities (D)
  2 liches (D)
  A titan (D)
  6 Orb Guardians (D)
  A quicksilver dragon (D)
  2 deep elf blademasters (D)
  2 deep elf master archers (D)
  A death cob (D)
  2 Executioners (D)
  Agnes (D)
  A storm dragon (D)
  2 shadow dragons (D)
  Donald (D)
  2 nagarajas (D)
  A daeva (D)
  2 frost giants (D)
  3 fire giants (D)
  2 deep elf sorcerers (D)
  4 iron dragons (D)
  An emperor scorpion (D)
  A balrug (D)
  2 ghost moths (D)
  2 cacodemons (D)
  2 orc warlords (D)
  2 draconian stormcallers (D)
  3 black draconians (D)
  An ophan (D)
  A vampire knight (D)
  2 apis (D)
  2 deep elf demonologists (D)
  3 yellow draconians (D)
  3 green draconians (D)
  3 red draconians (D)
  A minotaur (D)
  A lorocyproca (D)
  A dire elephant (D)
  A purple draconian (D)
  A green death (D)
  4 blizzard demons (D)
  A deep elf death mage (D)
  2 fire dragons (D)
  A merfolk javelineer (D)
  4 ettins (D)
  A merfolk impaler (D)
  2 deep elf high priests (D)
  A mummy priest (D)
  2 yaktaur captains (D)
  A great orb of eyes (D)
  16 vault guards (D)
  2 ice dragons (D)
  2 hydras (D)
  An anaconda (D)
  A spriggan air mage (D)
  A dancing weapon (D)
  A merfolk avatar (D)
  3 ogre magi (D)
  A death knight (D)
  3 two-headed ogres (D)
  3 naga warriors (D)
  A death yak (D)
  A deep troll earth mage (D)
  A vampire mage (D)
  A deep troll shaman (D)
  A spriggan berserker (D)
  2 soul eaters (D)
  13 hell knights (D)
  A deep elf knight (D)
  A sun demon (D)
  A shadow wraith (D)
  2 spriggan druids (D)
  An iron troll (D)
  2 sea snakes (D)
  A death drake (shapeshifter) (D)
  A cherub (D)
  5 deep trolls (D)
  A flayed ghost (D)
  16 wizards (D)
  2 lindwurms (D)
  12 necromancers (D)
  4 wolf spiders (D)
  An orc sorcerer (D)
  A deep elf zephyrmancer (D)
  14 orc knights (D)
  2 manticores (D)
  An elephant (D)
  A moth of wrath (D)
  A rust devil (D)
  A smoke demon (D)
  4 naga magi (D)
  A gargoyle (D)
  A cane toad (D)
  2 efreet (D)
  2 freezing wraiths (D)
  2 komodo dragons (D)
  2 hellions (D)
  A kobold demonologist (D)
  7 yaktaurs (D)
  A rime drake (D)
  An ice devil (D)
  2 wandering mushrooms (D)
  A meliai (shapeshifter) (D)
  3 trolls (D)
  A wind drake (D)
  2 tarantellas (D)
  A hornet (D)
  6 merfolk (D)
  A polar bear (D)
  Prince Ribbit (D)
  A snapping turtle (D)
  13 dream sheep (D)
  Sigmund (D)
  5 slime creatures (D)
  2 jumping spiders (D)
  A spriggan (D)
  A water elemental (D)
  14 humans (D)
  2 fire elementals (D)
  2 wargs (D)
  2 neqoxecs (D)
  6 redbacks (D)
  2 vampire mosquitoes (D)
  A floating eye (D)
  4 nagas (D)
  A water moccasin (D)
  An ice beast (D)
  2 orc warriors (D)
  A sky beast (D)
  A swamp drake (D)
  2 ogres (D)
  2 centaurs (D)
  A phantom (D)
  An earth elemental (D)
  A small abomination (D)
  2 crimson imps (D)
  A hound (D)
  An orc priest (D)
  An iron imp (D)
  An iguana (D)
  Jessica (D)
  Terence (D)
  A hell rat (D)
  An orc wizard (D)
  2 mummies (D)
  3 gnolls (D)
  A river rat (D)
  4 adders (D)
  An ufetubus (D)
  An adder simulacrum (D)
  2 orcs (D)
  An endoplasm (D)
  A kobold (D)
  A quokka (D)
  A ball python (D)
  3 ball python simulacra (D)
  2 ball python skeletons (D)
  A ball python zombie (D)
  A giant cockroach simulacrum (D)
  A jackal zombie (D)
  A quokka zombie (D)
  A rat (D)
378 creatures vanquished.

Vanquished Creatures (collateral kills)
  A draconian annihilator (D)
  A snapping turtle (D)
  A black bear (D)
3 creatures vanquished.

Grand Total: 381 creatures vanquished

Notes
Turn   | Place    | Note
-------+----------+-------------------------------------------
     0 | D        | BigDaddyOpFi the Demonspawn Fighter began the quest for the
                  | Orb.
     0 | D        | Reached XP level 1. HP: 18/18 MP: 1/1
    13 | D        | Gained mutation: You have a small tail. [demonic ancestry]
    13 | D        | Reached XP level 2. HP: 24/24 MP: 2/2
    26 | D        | Found a bloodstained altar of Trog.
    26 | D        | Found a shimmering blue altar of Sif Muna.
    26 | D        | Found a viscous altar of Jiyva.
    26 | D        | Found a hazy altar of Hepliaklqana.
    26 | D        | Found an opulent altar of Gozag.
    27 | D        | Found a basalt altar of Yredelemnul.
    27 | D        | Found a shimmering altar of Xom.
    27 | D        | Found an ornate altar of the Wu Jian Council.
    27 | D        | Found a sacrificial altar of Ru.
    27 | D        | Found a stormy altar of Qazlal.
    27 | D        | Found an iron altar of Okawaru.
    27 | D        | Found a sparkling altar of Nemelex Xobeh.
    27 | D        | Found a burning altar of Makhleb.
    27 | D        | Found a blossoming altar of Fedhas.
    27 | D        | Found a shadowy altar of Dithmenos.
    27 | D        | Found a snail-covered altar of Cheibriados.
    29 | D        | Found a radiant altar of Vehumet.
    29 | D        | Found a corrupted altar of Lugonu.
    30 | D        | Found a hide-covered altar of Uskayaw.
    30 | D        | Found an ancient bone altar of Kikubaaqudgha.
    30 | D        | Found a broken altar of Ashenzari.
    34 | D        | Became a worshipper of Qazlal Stormbringer
   202 | D        | Reached * piety under Qazlal
   203 | D        | Reached XP level 3. HP: 30/30 MP: 3/3
   231 | D        | Reached skill level 1 in Invocations
   330 | D        | Reached ** piety under Qazlal
   410 | D        | Noticed Jessica
   410 | D        | Noticed an ice beast
   411 | D        | Noticed Sigmund
   431 | D        | Killed an ice beast
   432 | D        | Reached skill level 5 in Fighting
   432 | D        | Reached XP level 4. HP: 29/39 MP: 2/8
   432 | D        | Gained mutation: When seriously injured, your blood forms
                  | armour. (AC +9) [demonic ancestry]
   432 | D        | Reached XP level 5. HP: 33/44 MP: 2/9
   440 | D        | Killed Sigmund
   440 | D        | Reached *** piety under Qazlal
   441 | D        | Reached skill level 5 in Axes
   441 | D        | Reached skill level 5 in Armour
   441 | D        | Reached skill level 5 in Shields
   441 | D        | Gained mutation: You are partially covered in sharp spines.
                  | [demonic ancestry]
   441 | D        | Reached XP level 6. HP: 36/52 MP: 3/12
   449 | D        | Killed Jessica
   467 | D        | Reached **** piety under Qazlal
   474 | D        | Reached skill level 10 in Invocations
   475 | D        | Noticed a water moccasin
   475 | D        | Noticed a sky beast
   482 | D        | Killed a sky beast
   483 | D        | Reached XP level 7. HP: 51/60 MP: 7/15
   493 | D        | Reached ***** piety under Qazlal
   622 | D        | Noticed a snapping turtle
   622 | D        | Noticed a sea snake
   625 | D        | Killed a sea snake
   626 | D        | Gained mutation: You have a tail ending in a sharp stinger.
                  | [demonic ancestry]
   626 | D        | Reached XP level 8. HP: 68/68 MP: 1/17
   629 | D        | Killed a snapping turtle
   939 | D        | Noticed an efreet
   939 | D        | Noticed a smoke demon
   941 | D        | Killed a smoke demon
   942 | D        | Killed an efreet
   943 | D        | Reached XP level 9. HP: 76/76 MP: 4/20
  1444 | D        | Noticed a flayed ghost
  1448 | D        | Reached skill level 15 in Invocations
  1460 | D        | Killed a flayed ghost
  1595 | D        | Noticed a freezing wraith
  1595 | D        | Noticed a lindwurm
  1596 | D        | Killed a lindwurm
  1596 | D        | Killed a freezing wraith
  1597 | D        | Reached skill level 10 in Fighting
  1878 | D        | Noticed a kobold demonologist
  1879 | D        | Noticed a troll
  1881 | D        | Noticed a red devil
  1883 | D        | Killed a troll
  1884 | D        | Gained mutation: Spells you cast may paralyse adjacent
                  | enemies. [demonic ancestry]
  1884 | D        | Reached XP level 10. HP: 64/85 MP: 7/22
  1967 | D        | Noticed a minotaur
  1968 | D        | Noticed an elephant
  1976 | D        | Reached skill level 10 in Shields
  1979 | D        | Killed an elephant
  1980 | D        | Reached skill level 10 in Armour
  1986 | D        | Killed a minotaur
  2047 | D        | Noticed a rust devil
  2050 | D        | Killed a rust devil
  2051 | D        | Reached skill level 10 in Axes
  2305 | D        | Noticed a deep troll
  2305 | D        | Noticed Prince Ribbit
  2305 | D        | Noticed Terence
  2306 | D        | Noticed a manticore
  2306 | D        | Noticed a deep elf zephyrmancer
  2306 | D        | Noticed a sea snake
  2308 | D        | Noticed a gargoyle
  2310 | D        | Reached ****** piety under Qazlal
  2310 | D        | Killed Terence
  2310 | D        | Killed Prince Ribbit
  2310 | D        | Killed a sea snake
  2310 | D        | Killed a deep troll
  2310 | D        | Killed a deep elf zephyrmancer
  2310 | D        | Killed a gargoyle
  2311 | D        | Gained mutation: You have a sharp stinger which inflicts
                  | weakening toxins. [demonic ancestry]
  2311 | D        | Reached XP level 11. HP: 95/95 MP: 15/25
  2613 | D        | Gained mutation: You have sharp toenails. [potion of
                  | mutation]
  2613 | D        | Gained mutation: You are robust. (+10% HP) [potion of
                  | mutation]
  2613 | D        | Gained mutation: Your spells are a little harder to cast,
                  | but a little more powerful. [potion of mutation]
  2712 | D        | Noticed an orc sorcerer
  2714 | D        | Noticed a soul eater
  2714 | D        | Killed an orc sorcerer
  2714 | D        | Killed a wolf spider
  2930 | D        | Killed a ghost moth
  3256 | D        | Noticed a death yak
  3257 | D        | Noticed a lindwurm
  3259 | D        | Killed a lindwurm
  3269 | D        | Killed a death yak
  3500 | D        | Noticed an orc knight
  3500 | D        | Noticed an orc knight
  3501 | D        | Noticed an orc knight
  3501 | D        | Noticed an orc knight
  3501 | D        | Noticed a seven-headed hydra
  3502 | D        | Noticed an orc warlord
  3502 | D        | Noticed an orc knight
  3503 | D        | Noticed an orc warlord
  3503 | D        | Noticed a vault guard
  3503 | D        | Noticed an orc knight
  3504 | D        | Killed an orc knight
  3504 | D        | Killed an orc knight
  3504 | D        | Killed an orc knight
  3504 | D        | Killed a seven-headed hydra
  3504 | D        | Killed an orc knight
  3504 | D        | Killed an orc knight
  3504 | D        | Killed an orc knight
  3504 | D        | Killed an orc knight
  3504 | D        | Killed an orc knight
  3504 | D        | Killed an orc warlord
  3504 | D        | Killed a vault guard
  3505 | D        | Reached XP level 12. HP: 117/117 MP: 18/27
  3507 | D        | Noticed a vault guard
  3509 | D        | Killed an orc warlord
  3509 | D        | Killed a merfolk avatar
  3509 | D        | Killed a vault guard
  3509 | D        | Killed a vault guard
  3509 | D        | Noticed a deep elf blademaster
  3515 | D        | Noticed a yaktaur captain
  3516 | D        | Noticed a naga warrior
  3519 | D        | Killed a yaktaur captain
  3519 | D        | Killed a deep elf blademaster
  3520 | D        | Reached XP level 13. HP: 70/125 MP: 5/29
  3521 | D        | Reached skill level 15 in Fighting
  3727 | D        | Killed a ghost moth
  3981 | D        | Found the +8 demon trident "Rift" {distort, reach+}
  3991 | D        | Got the +5 hand axe of Death's Door {drain, *Corrode rF++
                  | Int+4}
  4058 | D        | Got the +0 tower shield "Wideunn" {Drain rF+ Int+6}
  4278 | D        | Noticed a fire dragon
  4278 | D        | Noticed a green draconian
  4279 | D        | Killed a green draconian
  4287 | D        | Killed a fire dragon
  4517 | D        | Noticed a dire elephant
  4517 | D        | Noticed a deep elf master archer
  4522 | D        | Killed a dire elephant
  4523 | D        | Killed a deep elf master archer
  4524 | D        | Reached skill level 15 in Armour
  4524 | D        | Reached skill level 15 in Shields
  4524 | D        | Reached skill level 27 in Invocations
  4539 | D        | Reached skill level 15 in Axes
  4539 | D        | Found the +2 Maxwell's thermic engine {flame, freeze}
  4539 | D        | Found the +3 warlock's mirror {omnireflect}
  4955 | D        | Noticed a deep elf demonologist
  4956 | D        | Killed a deep elf demonologist
  4956 | D        | Killed a deep elf sorcerer
  4957 | D        | Gained mutation: Spells you cast may paralyse nearby
                  | enemies. [demonic ancestry]
  4957 | D        | Reached XP level 14. HP: 138/138 MP: 22/31
  4958 | D        | Noticed a white draconian stormcaller
  4962 | D        | Noticed a deep elf sorcerer
  4963 | D        | Killed a white draconian stormcaller
  4963 | D        | Killed a deep elf sorcerer
  4963 | D        | Killed a lich
  5106 | D        | Noticed a white draconian stormcaller
  5113 | D        | Killed a white draconian stormcaller
  5322 | D        | Noticed a nagaraja
  5325 | D        | Killed a nagaraja
  5331 | D        | Noticed a bone dragon
  5341 | D        | Killed a bone dragon
  5503 | D        | Noticed a balrug
  5506 | D        | Killed a balrug
  5567 | D        | Noticed a yellow draconian annihilator
  5579 | D        | Killed a yellow draconian annihilator
  5991 | D        | Got the ring "Plog" {AC+6 Str-3 Slay+5}
  5993 | D        | Got the ring of Nasaog {rPois AC+6 Str+3}
  6001 | D        | Got the ring of Uxaxu {rC+ EV+6}
  6015 | D        | Got the amulet "Iraxeb" {Faith rN+++ Regen+ Int-2 Dex-5}
  6017 | D        | Got the amulet "Appenkum" {Spirit rCorr SInv Stlth+}
  6019 | D        | Got the amulet of Vekaen {Reflect rPois rF- Str+4 Int+2
                  | SH+5}
  6021 | D        | Got the ring of Ascent {rElec rC+}
  6023 | D        | Got the ring "Ifoval" {MP-9 Str+6 Slay+5 SInv Stlth+}
  6149 | D        | Noticed a vampire knight
  6151 | D        | Noticed a death cob
  6158 | D        | Killed a vampire knight
  6158 | D        | Killed a death cob
  6785 | D        | Noticed a fire giant
  6785 | D        | Noticed Agnes
  6785 | D        | Noticed a nagaraja
  6788 | D        | Noticed an Executioner
  6789 | D        | Killed an Executioner
  6789 | D        | Killed Agnes
  6789 | D        | Killed a nagaraja
  6790 | D        | Noticed a frost giant
  6793 | D        | Killed a frost giant
  6793 | D        | Killed a deep elf blademaster
  6793 | D        | Killed a fire giant
  6794 | D        | Gained mutation: When seriously injured, your blood forms
                  | thick armour. (AC +9) [demonic ancestry]
  6794 | D        | Reached XP level 15. HP: 131/155 MP: 7/32
  7041 | D        | Identified the +7 flail of Summertime {venom, Str+5}
  7041 | D        | Noticed Donald
  7045 | D        | Killed Donald
  7227 | D        | Noticed an ancient lich
  7233 | D        | Killed an ancient lich
  7476 | D        | Got the +0 hat "Zutesin" {Harm Regen+}
  7594 | D        | Identified the +1 great mace "Xucic" {protect, rF- rC+
                  | SInv}
  7594 | D        | Noticed Frederick
  7595 | D        | Killed Frederick
  7595 | D        | Found the +2 hat of the Bear Spirit {Spirit, Bear, *Rage
                  | Will++}
  7596 | D        | Gained mutation: Spells you cast and wands you use may
                  | paralyse nearby enemies. [demonic ancestry]
  7596 | D        | Reached XP level 16. HP: 147/171 MP: 15/33
  7783 | D        | Got a silver rune of Zot
  7889 | D        | Noticed a titan
  7890 | D        | Killed a titan
  7893 | D        | Noticed a royal mummy
  7894 | D        | Found the +4 dragonskin cloak
  7894 | D        | Noticed Tiamat
  7895 | D        | Noticed a bone dragon
  7895 | D        | Noticed an Executioner
  7895 | D        | Killed an Executioner
  7895 | D        | Noticed a shadow dragon
  7896 | D        | Killed a shadow dragon
  7896 | D        | Killed a bone dragon
  7896 | D        | Killed a royal mummy
  7899 | D        | Noticed Xtahua
  7899 | D        | Killed Xtahua
  7902 | D        | Killed Tiamat
  8138 | D        | Noticed a quicksilver dragon
  8139 | D        | Noticed a tentacled monstrosity
  8139 | D        | Noticed a golden dragon
  8140 | D        | Killed a quicksilver dragon
  8142 | D        | Killed a golden dragon
  8148 | D        | Reached XP level 17. HP: 175/185 MP: 9/34
  8148 | D        | Killed a tentacled monstrosity
  8868 | D        | Noticed a tentacled monstrosity
  8871 | D        | Noticed a deep elf master archer
  8871 | D        | Noticed a lich
  8873 | D        | Killed a lich
  8873 | D        | Killed a deep elf master archer
  8878 | D        | Killed a tentacled monstrosity
  9195 | D        | Noticed Jory
  9195 | D        | Noticed an Orb Guardian
  9195 | D        | Noticed an Orb Guardian
  9195 | D        | Noticed an Orb Guardian
  9195 | D        | Noticed an Orb Guardian
  9196 | D        | Killed an Orb Guardian
  9196 | D        | Killed an Orb Guardian
  9196 | D        | Killed an Orb Guardian
  9196 | D        | Killed an Orb Guardian
  9198 | D        | Killed Jory
  9198 | D        | Noticed an Orb Guardian
  9198 | D        | Noticed a profane servitor
  9199 | D        | Reached skill level 27 in Fighting
  9203 | D        | Noticed a royal mummy
  9203 | D        | Noticed Mennas
  9203 | D        | Noticed an Orb Guardian
  9204 | D        | Killed an Orb Guardian
  9204 | D        | Killed a royal mummy
  9204 | D        | Killed an Orb Guardian
  9211 | D        | Killed Mennas
  9211 | D        | Killed a profane servitor
  9237 | D        | Noticed a hellephant
  9243 | D        | Killed from afar by a hellephant

Illustrated notes

Levels and vault maps discovered:
D:        pitsprint [storerooms_1, entrance_room_1, metal_vault_2, armoury_3,
          mini_pit_1, grid_room_1, main_hall_1, silver_pit, the_coven_1,
          the_vestibule_1, steel_vault_1, golden_pit, hallway_of_sentries,
          crystal_vault_4, iron_vault_1, final_vault]

Skill      XL: |  1  2  3  4  5  6  7  8  9 10 11 12 13 14 15 16 17 |
---------------+----------------------------------------------------+-----
Axes           | 2 3 4 5 6 7 8 9 11 12 13 15 18 21 23 25 | 25.7
Armour         | 3 4 5 6 7 8 9 11 13 15 18 21 23 25 | 25.8
Shields        | 3 4 5 6 7 8 9 11 13 14 15 18 21 23 25 | 25.9
Fighting       | 4 5 6 7 8 9 10 12 14 16 20 22 25 27 | 27.0
Invocations    | 6 8 10 13 14 16 20 23 25 27 | 27.0

Action                   |  1- 3 |  4- 6 |  7- 9 | 10-12 | 13-15 | 16-18 || total
-------------------------+-------+-------+-------+-------+-------+-------++-------
Melee: War axe           |    38 |    25 |    13 |       |       |       ||    76
       Tailslap          |     3 |     4 |     2 |     4 |    14 |     7 ||    34
       Broad axe         |       |       |     4 |    33 |    97 |    38 ||   172
Invok: Upheaval          |     1 |       |     6 |       |     5 |       ||    12
       Disaster Area     |       |       |     5 |    11 |    19 |    19 ||    54
       Elemental Force   |       |       |     1 |       |     1 |       ||     2
  Use: Potion            |     6 |       |     2 |     3 |     3 |     2 ||    16
       Scroll            |     1 |       |       |     6 |     5 |       ||    12
Armor: Scale mail        |    18 |       |       |       |       |       ||    18
       Chain mail        |     8 |     9 |     8 |    35 |    26 |       ||    86
       Plate armour      |       |       |       |       |    23 |    12 ||    35
       Crystal plate arm |       |       |       |       |    38 |    20 ||    58
Dodge: Dodged            |    21 |     7 |     4 |    21 |    25 |    27 ||   105
       Repelled          |       |       |       |       |     2 |     2 ||     4
Block: Buckler           |    14 |     4 |    11 |    38 |    16 |       ||    83
       Tower shield      |       |       |       |       |   151 |    89 ||   240
       Reflection        |       |       |       |       |     2 |     6 ||     8

Table legend: (Time is in decaauts)
 A = Elapsed time spent in this place.
 B = Non-inter-level travel time spent in this place.
 C = Inter-level travel time spent in this place.
 D = Time resting spent in this place.
 E = Time spent auto-exploring this place.
 F = Levels seen in this place.
 G = Mean time per level.
                   A        B        C        D        E       F      G
               +--------+--------+--------+--------+--------+-----+--------+
         Total |   9309 |   9125 |    184 |   6873 |      0 |   1 | 9309.0 |
       Dungeon |   9309 |   9125 |    184 |   6873 |      0 |   1 | 9309.0 |
               +--------+--------+--------+--------+--------+-----+--------+

Top non-repeatable levels by time:
       D: 9309 daAuts
